Cogmind - Beta 9.2 @@@ ROGUE MODE // 2019.11.20 @ 09:10:53 Player: Torako Result: Destroyed by G-47 Trooper with Particle Gun Performance ------------- Evolutions (1) 500 Regions Visited (6) 1200 Robots Destroyed (34) 170 Value Destroyed (653) 653 Prototype IDs (23) 460 Alien Tech Used (0) 0 Bonus (300) 300 TOTAL SCORE: 3283 Bonus ------- Aligned with FarCom 300 Cogmind --------- Core Integrity 0/400 Matter 181/300 Energy 88/280 System Corruption 7% Temperature Cool (9) Movement Core (500) Ox9 Location -8/Mines Parts ------- > --- POWER (1) -------- Cooled Ion Engine > --- PROPULSION (2) --- (None) > --- UTILITY (2) ------ Medium Storage Unit > --- WEAPON (4) ------- Latent Energy Streamer Mining Claw Mining Claw > --- INVENTORY (8) ---- (None) Peak State ------------ > --- POWER ------------ Cooled Ion Engine > --- PROPULSION ------- (None) > --- UTILITY ---------- Medium Storage Unit > --- WEAPON ----------- Latent Energy Streamer Mining Claw Mining Claw > --- INVENTORY -------- (None) [Rating: 16] Favorites ----------- Power Cooled Ion Engine Engine Cooled Ion Engine Propulsion Light Treads Treads Light Treads Leg Aluminum Leg Utility Small Storage Unit Storage Small Storage Unit Protection Light Armor Plating Weapon Light Assault Rifle Energy Cannon Latent Energy Streamer Ballistic Gun Light Assault Rifle Launcher Grenade Launcher Slashing Weapon Mining Claw Build | -11 -10 -10 -9 -9 -9 -8 ------- Run | Scr Mat Min Mat Min Exi Min Slots Evolved 2 | . . . 2 . . . Power . | . . . . . . . Propulsion . | . . . . . . . Utility . | . . . . . . . Weapon 2 | . . . 2 . . . Parts Attached 35 | 6 3 2 13 2 1 8 Power 3 | 1 . . 1 . . 1 Engine 3 | 1 . . 1 . . 1 Core . | . . . . . . . Reactor . | . . . . . . . Propulsion 7 | 2 . . 4 . . 1 Treads 6 | 2 . . 3 . . 1 Leg 1 | . . . 1 . . . Wheel . | . . . . . . . Hover . | . . . . . . . Flight . | . . . . . . . Utility 7 | 1 1 . 2 2 1 . Device . | . . . . . . . Storage 2 | 1 . . . . 1 . Processor . | . . . . . . . Hackware . | . . . . . . . Protection 5 | . 1 . 2 2 . . Artifact . | . . . . . . . Weapon 18 | 2 2 2 6 . . 6 Energy Gun . | . . . . . . . Energy Cannon 1 | . . . . . . 1 Ballistic Gun 12 | 2 1 1 6 . . 2 Ballistic Cannon . | . . . . . . . Launcher 2 | . . 1 . . . 1 Special Weapon . | . . . . . . . Impact Weapon . | . . . . . . . Slashing Weapon 3 | . 1 . . . . 2 Piercing Weapon . | . . . . . . . Special Melee Weapon . | . . . . . . . Unidentified Prototypes 1 | . . . 1 . . . Parts Lost 18 | . . . 6 . . 12 Power 1 | . . . . . . 1 Propulsion 5 | . . . 2 . . 3 Utility 3 | . . . 2 . . 1 Weapon 9 | . . . 2 . . 7 Highest Loss Streak 12 | . . . 2 . . 12 Average Slot Usage (%) 93 | . 95 100 86 95 100 95 Engine 11 | . 14 14 10 11 11 11 Treads 23 | . 28 28 21 22 22 20 Storage 11 | . 14 14 11 11 11 11 Protection 9 | . 9 14 9 6 11 9 Ballistic Gun 35 | . 25 28 33 44 44 40 Naked Turns . | . . . . . . . Heaviest Build 29 | 11 14 14 22 25 29 29 Greatest Support 40 | 40 40 40 40 40 40 40 Greatest Overweight (x) 6 | . . . 1 . . 6 Average Overweight (x) . | . . . . . . . Largest Inventory Capacity 8 | 6 6 6 6 6 8 8 Average Capacity 6 | 5 6 6 6 6 6 8 Most Carried 6 | 4 6 6 6 6 6 6 Average Carried 5 | 1 5 6 4 4 5 5 Final Capacity 8 | 6 6 6 6 6 8 8 Final Carried 6 | 4 6 6 4 6 6 . Class Distribution -------------------- 32% | Mutant 24% | Scavenger-Tank 18% | Scavenger-Skirmisher 15% | Tank 8% | Scavenger-Gunner Dominant Class ---------------- Mutant | -10/Materials Mutant | -10/Mines Tank | -9/Materials Scavenger-Tank | -9/Mines Scavenger-Tank | -9/Exiles Scavenger-Skirmisher | -8/Mines Resources | -11 -10 -10 -9 -9 -9 -8 ----------- Run | Scr Mat Min Mat Min Exi Min Matter Collected 959 | 237 152 26 398 70 . 76 Remotely . | . . . . . . . Salvage Created 769 | . 219 26 337 81 . 106 Parts 77 | . 23 7 28 5 . 14 Haulers Intercepted . | . . . . . . . Recyclers Shooed . | . . . . . . . Parts Field Recycled . | . . . . . . . Retrieved Matter . | . . . . . . . Parts Self-Destructed . | . . . . . . . Prevented . | . . . . . . . Kills | -11 -10 -10 -9 -9 -9 -8 ------- Run | Scr Mat Min Mat Min Exi Min Combat Hostiles Destroyed 32 | . 8 3 12 2 . 7 Guns 26 | . 8 . 12 2 . 4 AOE 6 | . . 3 . . . 3 Classes Destroyed 7 | . 4 . 1 1 . 1 Worker 1 | . 1 . . . . . Watcher 1 | . 1 . . . . . Swarmer 22 | . 5 3 8 . . 6 Grunt 5 | . 3 . 1 1 . . Brawler 1 | . . . . 1 . . Sentry 3 | . . . 3 . . . Hunter 1 | . . . . . . 1 Best Kill Streak 5 | . 3 4 5 2 . 3 Combat Bots Only 5 | . 2 4 5 2 . 3 Max Kills in Single Turn 3 | . 1 3 3 1 . 3 Gunslinging 2 | . . . 2 . . . Exploded 3 | . . 3 . . . 3 Melee . | . . . . . . . Uniques/NPCs Destroyed . | . . . . . . . Combat | -11 -10 -10 -9 -9 -9 -8 -------- Run | Scr Mat Min Mat Min Exi Min Damage Taken 2395 | . 347 59 603 76 . 1310 Core 441 | . 31 . 108 10 . 292 Absorbed by Shields . | . . . . . . . Core Remaining (%) 93 | 100 . 87 . . . . Volleys Fired 87 | . 31 2 23 6 . 25 Largest 4 | . 2 2 4 4 . 4 Hottest 83 | . 40 40 83 83 . 83 Shots Fired 226 | . 62 3 64 24 1 72 Gun 224 | . 62 2 64 24 1 71 Cannon . | . . . . . . . Launcher 2 | . . 1 . . . 1 Special . | . . . . . . . Kinetic 224 | . 62 2 64 24 1 71 Thermal . | . . . . . . . Explosive 2 | . . 1 . . . 1 Electromagnetic . | . . . . . . . Robot Hit Streak 14 | . 9 2 14 5 . 8 Robot Miss Streak 7 | . 7 1 4 2 . 5 Penetration Max . | . . . . . . . Secondary Targets 6 | . . . 4 . . 2 Max Gunslinging Chain 2 | . . . 2 . . 1 Shots Hit Robots 144 | . 33 2 45 17 . 47 Core Hits 55 | . 12 3 17 5 . 18 Critical Hits . | . . . . . . . Critical Kills . | . . . . . . . Critical Parts Destroyed . | . . . . . . . Melee Attacks 12 | . 9 . . . . 3 Impact . | . . . . . . . Slashing 12 | . 9 . . . . 3 Piercing . | . . . . . . . Sneak Attacks . | . . . . . . . Combat Hostiles . | . . . . . . . Follow-up Attacks . | . . . . . . . Damage Inflicted 1732 | . 433 133 474 134 . 558 Guns 1348 | . 433 . 474 134 . 307 Cannons . | . . . . . . . Explosions 384 | . . 133 . . . 251 Melee . | . . . . . . . Ramming . | . . . . . . . Kinetic 1348 | . 433 . 474 134 . 307 Thermal . | . . . . . . . Explosive 384 | . . 133 . . . 251 Electromagnetic . | . . . . . . . Impact . | . . . . . . . Slashing . | . . . . . . . Piercing . | . . . . . . . Highest Corruption 7 | . 4 4 7 7 7 7 Average Corruption 5 | . 3 4 4 7 7 7 Corruption Purged . | . . . . . . . Effects 70 | . 12 4 16 8 11 19 Message Errors 11 | . 2 . 6 . . 3 Matter Fused 17 | . 2 2 3 3 3 4 Heat Flow Errors 14 | . 2 . 2 1 5 4 Energy Discharges 3 | . 1 . 1 . 1 . Data Loss (minor) 5 | . . 1 . 1 1 2 Misfires 2 | . . . . 1 1 . Targeting Errors 16 | . 5 1 4 1 . 5 Weapon Failures 2 | . . . . 1 . 1 Overload Shots . | . . . . . . . Overflow Damage . | . . . . . . . Projectiles . | . . . . . . . Explosions . | . . . . . . . Melee . | . . . . . . . Knockbacks . | . . . . . . . Impact . | . . . . . . . Kinetic . | . . . . . . . Secondary . | . . . . . . . Self-Inflicted Damage 55 | . . 8 . . . 47 Shots 2 | . . 1 . . . 1 Rammed . | . . . . . . . Targets Rammed . | . . . . . . . Kicked . | . . . . . . . Crushed . | . . . . . . . Highest Temperature 304 | . 270 . 83 304 249 222 Average Temperature 75 | . 76 . 32 115 87 78 Received Heat Transfer 234 | . 72 . 129 24 . 9 Siege Activations . | . . . . . . . Robots Corrupted . | . . . . . . . Combat Hostiles . | . . . . . . . Parts Fried . | . . . . . . . Impact Corruptions . | . . . . . . . Robots Melted . | . . . . . . . Combat Hostiles . | . . . . . . . Parts Melted . | . . . . . . . Heat Transferred . | . . . . . . . Parts Sabotaged . | . . . . . . . Parts Stolen . | . . . . . . . Parts Stripped . | . . . . . . . Power Chain Reactions . | . . . . . . . Missiles Intercepted . | . . . . . . . Alert | -11 -10 -10 -9 -9 -9 -8 ------- Run | Scr Mat Min Mat Min Exi Min Peak Influence 132 | . 132 110 115 94 . 69 Average Influence 41 | . 28 107 56 75 . 9 Maximum Alert Level . | . . . . . . . Low Security (%) 100 | 100 100 100 100 100 . 100 Level 1 . | . . . . . . . Level 2 . | . . . . . . . Level 3 . | . . . . . . . Level 4 . | . . . . . . . Level 5 . | . . . . . . . High Security . | . . . . . . . Max Security . | . . . . . . . Squads Dispatched 3 | . 2 . 1 . . . Investigation . | . . . . . . . Extermination . | . . . . . . . Reinforcement 3 | . 2 . 1 . . . Assault . | . . . . . . . Garrison . | . . . . . . . Intercept . | . . . . . . . Construction Impeded . | . . . . . . . Haulers Reinforced . | . . . . . . . Stealth | -11 -10 -10 -9 -9 -9 -8 --------- Run | Scr Mat Min Mat Min Exi Min Distress Signals 2 | . . . 2 . . . Communications Jammed . | . . . . . . . Distress Signals . | . . . . . . . Times Spotted 52 | . 15 3 18 2 . 14 Peak Tracking Total 9 | . 3 3 5 2 . 9 Tactical Retreats 3 | . 1 . 1 . . 1 Traps | -11 -10 -10 -9 -9 -9 -8 ------- Run | Scr Mat Min Mat Min Exi Min Traps Triggered 8 | . 2 . 6 . . . Indirectly . | . . . . . . . Trap Hack Attempts . | . . . . . . . Triggered . | . . . . . . . Disarmed . | . . . . . . . Reprogrammed . | . . . . . . . Reused . | . . . . . . . Traps Extracted . | . . . . . . . Installed . | . . . . . . . Triggered . | . . . . . . . Machines | -11 -10 -10 -9 -9 -9 -8 ---------- Run | Scr Mat Min Mat Min Exi Min Machines Disabled 2 | . . . 2 . . . Max in Single Turn 1 | . . . 1 . . . Machines Sabotaged . | . . . . . . . Garrisons Compromised . | . . . . . . . Overloaded Fab Kills . | . . . . . . . Fab Network Shutdowns . | . . . . . . . Hacking | -11 -10 -10 -9 -9 -9 -8 --------- Run | Scr Mat Min Mat Min Exi Min Machines Accessed 7 | . 2 1 3 . 1 . Terminals 6 | . 2 1 3 . . . Fabricators . | . . . . . . . Repair Stations . | . . . . . . . Recycling Units . | . . . . . . . Scanalyzers . | . . . . . . . Garrison Access . | . . . . . . . Total Hacks 12 | . 2 3 6 . 1 . Successful 4 | . . . 3 . 1 . Failed 8 | . 2 3 3 . . . Catastrophic 1 | . 1 . . . . . Database Lockouts . | . . . . . . . Manual 12 | . 2 3 6 . 1 . Terminals 11 | . 2 3 6 . . . Fabricators . | . . . . . . . Repair Stations . | . . . . . . . Recycling Units . | . . . . . . . Scanalyzers . | . . . . . . . Garrison Access . | . . . . . . . Terminal Hacks 4 | . . . 3 . 1 . Unreport Threat 3 | . . . 3 . . . EX-Prototype ID Bank 1 | . . . . . 1 . Fabricator Hacks . | . . . . . . . Repair Station Hacks . | . . . . . . . Recycling Unit Hacks . | . . . . . . . Scanalyzer . | . . . . . . . Garrison Access Hacks . | . . . . . . . Unauthorized Hacks . | . . . . . . . Terminals . | . . . . . . . Fabricators . | . . . . . . . Repair Stations . | . . . . . . . Recycling Units . | . . . . . . . Scanalyzers . | . . . . . . . Garrison Access . | . . . . . . . Data Cores Recovered . | . . . . . . . Used . | . . . . . . . Hacking Detections 5 | . 1 1 3 . . . Full Trace Events . | . . . . . . . Feedback Events . | . . . . . . . Feedback Blocked . | . . . . . . . Robot Schematics Acquired . | . . . . . . . Robots Built . | . . . . . . . Matter . | . . . . . . . Time . | . . . . . . . Total Robot Build Rating . | . . . . . . . Part Schematics Acquired . | . . . . . . . Parts Built . | . . . . . . . Matter . | . . . . . . . Time . | . . . . . . . Total Part Build Rating . | . . . . . . . Parts Repaired . | . . . . . . . Time . | . . . . . . . Parts Recycled . | . . . . . . . Recycled Matter . | . . . . . . . Retrieved Matter . | . . . . . . . Retrieved Components . | . . . . . . . Parts Scanalyzed . | . . . . . . . Part Schematics Acquired . | . . . . . . . Parts Damaged . | . . . . . . . Bothacking | -11 -10 -10 -9 -9 -9 -8 ------------ Run | Scr Mat Min Mat Min Exi Min Used RIF Installer . | . . . . . . . Robots Hacked . | . . . . . . . Non-combat . | . . . . . . . Combat . | . . . . . . . Robot Hacks Applied . | . . . . . . . Relay Couplers Released . | . . . . . . . Robots Rewired . | . . . . . . . Allies Hacked . | . . . . . . . Hacks Repelled . | . . . . . . . Allies | -11 -10 -10 -9 -9 -9 -8 -------- Run | Scr Mat Min Mat Min Exi Min Total Allies . | . . . . . . . Largest Group . | . . . . . . . Highest-Rated Group . | . . . . . . . Highest-Rated Ally . | . . . . . . . Total Orders . | . . . . . . . Ally Attacks . | . . . . . . . Total Damage . | . . . . . . . Kills . | . . . . . . . Allies Corrupted . | . . . . . . . Allies Melted . | . . . . . . . Intel | -11 -10 -10 -9 -9 -9 -8 ------- Run | Scr Mat Min Mat Min Exi Min Robot Analysis Total . | . . . . . . . Derelict Logs Recovered 1 | . . . . 1 . . Drone Launches . | . . . . . . . Drone Recoveries . | . . . . . . . Exploration | -11 -10 -10 -9 -9 -9 -8 ------------- Run | Scr Mat Min Mat Min Exi Min Turns Passed 2540 | 86 522 156 645 215 381 535 Spaces Moved 1282 | 48 235 93 323 118 237 228 Core 3 | 2 . . . . . 1 Treads 1279 | 46 235 93 323 118 237 227 Legs . | . . . . . . . Wheels . | . . . . . . . Hover . | . . . . . . . Flight . | . . . . . . . Fastest Speed 50 | 50 160 160 160 160 160 160 Average Speed 160 | 155 160 160 160 160 160 160 Slowest Speed 350 | 160 160 160 180 160 160 350 Overloaded Moves . | . . . . . . . Propulsion Burnouts . | . . . . . . . Robots Hopped . | . . . . . . . Cave-ins Triggered . | . . . . . . . Exploration Rate (%) 33 | 4 52 24 31 22 62 36 Regions Visited 6 Branch Regions 4 Pre-discovered Areas . | . . . . . . . Known Exits Taken . | . . . . . . . Unknown Exits Taken 6 | 1 1 1 1 1 1 . Scrap Searched 1 | . . . . 1 . . Spaces Dug 3 | . 3 . . . . . Terrain Destroyed 20 | . 3 8 . . . 9 Melee 3 | . 3 . . . . . Projectile . | . . . . . . . AOE 17 | . . 8 . . . 9 Actions | -11 -10 -10 -9 -9 -9 -8 --------- Run | Scr Mat Min Mat Min Exi Min Total 1573 | 57 301 96 400 132 240 347 Wait 139 | . 16 . 34 6 . 83 Move 1276 | 47 234 92 322 117 236 228 Hop . | . . . . . . . Pick Up 14 | 4 5 . 3 1 1 . Fast Attach 20 | 6 1 . 10 1 . 2 Attach 9 | . . . 3 . . 6 Detach 1 | . . . 1 . . . Swap 6 | . 2 2 . 1 1 . Drop 9 | . 3 . 4 . 2 . Fire 87 | . 31 2 23 6 . 25 Melee 12 | . 9 . . . . 3 Ram . | . . . . . . . Kick . | . . . . . . . Crush . | . . . . . . . Escape Stasis . | . . . . . . . Rewire . | . . . . . . . Trap . | . . . . . . . Miscellaneous . | . . . . . . . Route ------- -11/Scrapyard -10/Materials (discovered 2 exits: *Min x2) -10/Mines -9/Materials -9/Mines -9/Exiles (discovered 2 exits: [*Min x2]) -8/Mines History --------- Turn | Location | Event 9 | -11/Scrapyard | Discovered new exit (range 15) 87 | -11/Scrapyard | Entered Materials 302 | -10/Materials | Build established: Mutant 432 | -10/Materials | Discovered new exit (range 13) 593 | -10/Materials | Discovered new exit (range 9) 609 | -10/Materials | Entered Mines 694 | -10/Mines | Found a hidden stash of uninstalled traps 757 | -10/Mines | Discovered new exit (range 3) 765 | -10/Mines | Entered Materials 765 | -9/Materials | Evolved 2 slots: Weapon x2 1084 | -9/Materials | Build established: Tank 1386 | -9/Materials | Discovered new exit (range 16) 1410 | -9/Materials | Entered Mines 1533 | -9/Mines | Learned Materials terminal intel 1619 | -9/Mines | Deemed a non-threat by the Exiles lab entrance 1619 | -9/Mines | Discovered new exit (range 5) 1625 | -9/Mines | Entered Exiles 1649 | -9/Exiles | Discovered new exit (range 15) 1665 | -9/Exiles | Met 8R-AWN 1691 | -9/Exiles | Met EX-HEX 1734 | -9/Exiles | Met EX-BIN 1755 | -9/Exiles | Aligned with FarCom system 1757 | -9/Exiles | Given EX-Vault access code 1795 | -9/Exiles | Opened EX-Vault 1804 | -9/Exiles | Build established: Scavenger-Tank 1807 | -9/Exiles | Found Latent Energy Streamer 1841 | -9/Exiles | Warned to stay clear of 0b10 Research branches 1886 | -9/Exiles | Met EX-DEC 1992 | -9/Exiles | Discovered new exit (range 10) 2006 | -9/Exiles | Left Exiles lab with Latent Energy Streamer 2006 | -9/Exiles | Entered Mines 2302 | -8/Mines | Build established: Scavenger-Skirmisher 2507 | -8/Mines | Core integrity fell below 50% 2534 | -8/Mines | Core integrity fell below 20% 2541 | -8/Mines | Destroyed by G-47 Trooper with Particle Gun Last Messages --------------- Lgt. Treads destroyed. Penetrated by Slug. /FPP0YKSU/UWCHZTKDRVJI|5C System corrupted: Lgt. Assault Rifle targeting data glitched. Penetrated by Slug. Lgt. Assault Rifle destroyed. Lgt. Treads destroyed. Penetrated by Slug. Lgt. Assault Rifle destroyed. Penetrated by Slug. Lgt. Treads destroyed. C-30 ARC bursts open, deploying its payload. S-10 Pest unfolds itself. Acquired 10 matter. System corrupted: Component data lost. Cld. Ion Engine destroyed. Penetrated by Slug. S-10 Pest destroyed. Mni. Grenade Launcher destroyed. Map ----- +----------------------------------------------------+ | ?????????????????????????????????????????????????? | | ?????????????????????????????????????????????????? | | ?????????????????????????????????????????????????? | | ?????????????????????????????????????????????????? | | ?????????????????????????????????????????????????? | | ????????????????????????????????????????????????## | | ????????????????????????????????????????????????# | | ?????????????????????????????????????????????## | | ?????????????????gg?g???#???????????????????## | | ???????????????????????? ????????????????? | | ???????????????????????? ??????????????? | | ????????????????????????%???????????????? #### | | ???????????????????????? ???????????????????? | | ???????????????????????# #????????????????? | | ???????????????????????# #????????????????# ### | | ???????????????????????# #????????????????#???## | | ???????????????????????# #?????????????????????### | | ???????????????????????# #???????????????????????? | | ??????????????#####????# #???????????????????????? | | ?????????????## ##???#gg???????????????????????? | | ?????????# ### #???#g#???????????????????????? | | ?????????? #??##*##??????????????????????? | | ?????????????# #?## s #????????###???????????? | | ?????????????# #?# =[%#????????# ???????????? | | ????????????## ### h%[##???????# #???????????? | | ???????????## ## @ #???????# ####????????? | | ??????????## ######### #????????? | | ??????????# s #?????#### | | ??????????# #### #?????# | | ?????? #??# ##### #?????# ## | | ????? $ ## #??# #???# #?????# #? | | ????? #### #### # #?## ##??# #?????# #? | | ????? ???# ##??# ## ### ##?# #??#### #? | | ????????# #???# ### ### #??# #? | | ??????? ???# #?##### ## #??# ####? | | ??????? ??# #?????## ######??# #???? | | ??????? #??# #??????# #??????# #???? | | ???????? ###???## ##??????## ######## #???? | | ?????????????????###?????????### #???? | | ???????????????????????????????## #########???? | | ????????????????????????????????## ##???????????? | | ?????????????????????????????????####????????????? | | ?????????????????????????????????????????????????? | | ?????????????????????????????????????????????????? | | | | | | | | | | | | | +----------------------------------------------------+ Best States ------------- Heat Dissipation 28 Energy Generation 14 Energy Capacity 280 Matter Stores 300 Matter Capacity 300 Sight Range 16 Terrain Scan Density 10 Armor Coverage 225 Evasion (%) 40 Recoil Reduction 2 Item Schematics ----------------- None Robot Schematics ------------------ None Fabricated ------------ Nothing Alien Tech Used ----------------- None Achievements -------------- None Challenges ------------ None Game ------ Seed EtherialMiningChip Manual? 0 Play Time 00:19:13 Cumulative 149.6 hours Start 2019.11.13 @ 20:00:07 End 2019.11.20 @ 09:10:53 Sessions 3 Manual Loads 0 Difficulty Rogue Special Mode None Game No. 174 Rogue 174 Adventurer 0 Explorer 0 Win Type - Total 3 Types 3/0/0/0/0/0/0 Lore% 65 Gallery% 78 Achievement% 56 Wizard Run 0 Options --------- ASCII 0 Keyboard 1 Movement Numpad Keybinds 0 Fullscreen 1 Font 18/SmallcapsGlow Map View 76x50 Tactical HUD 1 Map Filters NONE Filters NONE Steam 1 RUN: f2113ca8-81bd-4ab6-9ae4-4854a7fdb92d